 Dungeon Crawl Stone Soup version 0.19.1 (webtiles) character file.

4699 Leibowitz the Spear-Bearer (level 10, -2/78 HPs)
             Began as a Demigod Gladiator on Dec 4, 2016.
             Slain by an orc knight
             ... wielding a +0 war axe
              (15 damage)
             ... on level 9 of the Dungeon.
             The game lasted 00:35:50 (10821 turns).

Leibowitz the Spear-Bearer (Demigod Gladiator)     Turns: 10821, Time: 00:35:50

Health: -2/78      AC: 12    Str: 21    XL:     10   Next: 2%
Magic:  17/17      EV: 20    Int: 12    God:
Gold:   561        SH:  6    Dex: 22    Spells: 0 memorised, 9 levels left

rFire  . . .     SeeInvis .     a - +0 trident
rCold  . . .     Gourm    .     M - +2 leather armour {rPois}
rNeg   . . .     Faith    .     (no shield)
rPois  +         Spirit   .     c - +0 helmet
rElec  .         Reflect  +     o - +2 cloak {+Inv}
rCorr  .         Harm     .     (no gloves)
MR     +....                    i - +1 pair of boots
Stlth  ++++......               w - +6 amulet of reflection
                                g - ring of stealth
                                E - +3 ring of strength

@: no status effects
A: repulsion field 1, high mp 1
a: Evoke Invisibility


You were on level 9 of the Dungeon.
You were not hungry.

You visited 1 branch of the dungeon, and saw 9 of its levels.
You also visited: Sewer.

You collected 561 gold pieces.

Inventory:

Hand Weapons
 a - a +0 trident (weapon)
 y - a +0 blowgun
Missiles
 d - 2 throwing nets (quivered)
 B - 19 poisoned needles
Armour
 c - a +0 helmet (worn)
 i - a +1 pair of boots (worn)
 o - a +2 cloak of invisibility (worn)
 r - a +2 scale mail of fire resistance
 M - a +2 leather armour of poison resistance (worn)
Jewellery
 g - a ring of stealth (right hand)
 m - an uncursed amulet of guardian spirit
 w - a +6 amulet of reflection (around neck)
 E - a +3 ring of strength (left hand)
 H - an uncursed ring of ice
Wands
 e - a wand of acid (0/15)
 t - a wand of iceblast (0/15)
 G - a wand of lightning (0/15)
 L - a wand of acid (0/15)
Scrolls
 q - 7 scrolls of remove curse
 x - a scroll of enchant armour
 I - a scroll of fog
 N - a scroll of fear
Potions
 j - 2 potions of resistance
 k - 3 potions of brilliance
 l - a potion of cure mutation
 n - 2 potions of lignification {unknown}
 p - 3 potions of degeneration {unknown}
 u - a potion of haste
 v - 4 potions of might {unknown}
 z - a potion of invisibility
 A - 8 potions of curing
 D - a potion of flight
 F - a potion of agility
Comestibles
 b - a beef jerky
 f - 9 bread rations
 h - 5 meat rations
 C - 3 slices of pizza
 J - 4 fruits
 O - a royal jelly


   Skills:
 + Level 4.1 Fighting
 + Level 8.3 Polearms
 + Level 2.0 Throwing
 + Level 4.0 Armour
 * Level 6.9 Dodging
 + Level 5.2 Stealth
 * Level 5.1 Evocations


You had 9 spell levels left.
You didn't know any spells.

Dungeon Overview and Level Annotations

Branches:
Dungeon (9/15)             Temple (0/1) D:5
   Lair: D:8-11         Orc: D:9-12

Shops:
D:6 }   D:8 %


Innate Abilities, Weirdness & Mutations

You have an increased reservoir of magic. (+10% MP)
You are surrounded by a mild repulsion field. (EV +2)


Message History

The orc knight misses you.
You hit the orc knight but do no damage.
The orc knight is almost dead.
You completely miss the orc knight.
The orc knight is almost dead.
You block the orc knight's attack.
You completely miss the orc knight.
The orc knight is almost dead.
The orc knight hits you with a war axe!
* * * LOW HITPOINT WARNING * * *
You hit the orc knight but do no damage.
The orc knight is almost dead.
The orc knight hits you but does no damage.
You puncture the orc knight!
The orc knight is almost dead.
The orc knight looks more healthy.
You hit the orc knight but do no damage.
The orc knight is almost dead.
The orc knight hits you with a war axe!
You die...

#...#
.####...##
........<.
.......
......
#[..#
#...#
#..@#
#.o.#
#...#
#<...
#...#
#####


You could see an orc knight.

Vanquished Creatures
  Pikel (D:4)
  A hippogriff (D:7)
  A spriggan (D:8)
  A yak (D:8)
  10 wargs (D:8)
  A water moccasin (D:6)
  3 orc warriors
  An ice beast (D:6)
  A phantom (D:5)
  2 centaurs (D:6)
  2 big kobolds
  Blork the orc (D:5)
  2 bullfrogs (D:8)
  5 scorpions
  4 crimson imps
  A centaur zombie (D:6)
  2 jellies
  A quasit (D:7)
  A bullfrog zombie (D:6)
  4 hounds
  4 orc priests
  Crazy Yiuf (D:2)
  A bullfrog skeleton (D:4)
  Jessica (D:2)
  An iguana (D:7)
  4 orc wizards
  3 worker ants
  Terence (D:2)
  A worker ant zombie (D:6)
  7 gnolls (D:6)
  13 adders
  5 river rats (Sewer)
  4 shadow imps
  An ooze (D:5)
  An adder zombie (D:5)
  6 worms
  A dart slug (D:1)
  2 leopard geckos
  42 orcs
  A giant cockroach (D:8)
  7 goblins
  6 hobgoblins
  5 jackals
  2 quokkas
  6 ball pythons
  6 bats
  7 frilled lizards
  26 kobolds
  A leopard gecko skeleton (D:5)
  A leopard gecko zombie (D:5)
  A quokka zombie (D:6)
  29 rats
  A spectral orc (D:8)
243 creatures vanquished.

Vanquished Creatures (others)
  A hound (D:4)
  A worm (D:4)
  A leopard gecko (D:4)
  An orc (D:4)
  7 jackals (D:4)
  A frilled lizard (D:4)
  4 plants (D:8)
16 creatures vanquished.

Grand Total: 259 creatures vanquished

Notes
Turn   | Place    | Note
-------+----------+-------------------------------------------
     0 | D:1      | Leibowitz the Demigod Gladiator began the quest for the Orb.
     0 | D:1      | Reached XP level 1. HP: 17/17 MP: 3/3
   139 | D:1      | Reached XP level 2. HP: 22/24 MP: 4/4
   585 | D:2      | Noticed Jessica
   590 | D:2      | Reached skill level 3 in Polearms
   946 | D:2      | Killed Jessica
   946 | D:2      | Reached XP level 3. HP: 26/29 MP: 5/5
  1242 | D:2      | Found a runed door.
  1246 | D:2      | Noticed Crazy Yiuf
  1254 | D:2      | Killed Crazy Yiuf
  1304 | D:2      | Reached skill level 1 in Armour
  1304 | D:2      | Reached XP level 4. HP: 35/36 MP: 3/6
  1676 | D:2      | Noticed Terence
  1737 | D:1      | Reached skill level 1 in Stealth
  2027 | D:2      | Killed Terence
  2027 | D:2      | Reached XP level 5. HP: 23/41 MP: 8/8
  2708 | D:3      | Reached skill level 4 in Polearms
  3061 | D:4      | Reached skill level 1 in Evocations
  3104 | D:4      | Found a glowing drain.
  3111 | Sewer    | Entered a sewer
  3719 | Sewer    | Reached XP level 6. HP: 41/48 MP: 7/9
  4836 | D:4      | Noticed Pikel
  4866 | D:4      | Killed Pikel
  4866 | D:4      | Reached skill level 5 in Polearms
  4866 | D:4      | Reached XP level 7. HP: 36/56 MP: 11/11
  5253 | D:4      | Reached XP level 8. HP: 62/62 MP: 11/13
  5495 | D:5      | Entered Level 5 of the Dungeon
  5522 | D:5      | Reached skill level 5 in Dodging
  5548 | D:5      | Reached skill level 6 in Polearms
  5768 | D:5      | Noticed Blork the orc
  5785 | D:5      | Killed Blork the orc
  6242 | D:5      | Found a staircase to the Ecumenical Temple.
  7359 | D:6      | Found Yhiel's Gadget Shoppe.
  7382 | D:6      | Gained mutation: You are surrounded by a mild repulsion field. (EV +2) [potion of beneficial mutation]
  7615 | D:6      | Reached skill level 7 in Polearms
  7739 | D:6      | Found a deep blue altar of Sif Muna.
  7740 | D:6      | Found a shattered altar of Ashenzari.
  7788 | D:6      | Found a stormy altar of Qazlal.
  7824 | D:6      | Found a glowing golden altar of the Shining One.
  7889 | D:7      | Reached XP level 9. HP: 60/70 MP: 15/15
  7999 | D:7      | Found a sparkling altar of Nemelex Xobeh.
  8040 | D:7      | Found a radiant altar of Vehumet.
  8768 | D:8      | Found a basalt altar of Yredelemnul.
  8822 | D:8      | Found Ipnogge's Food Shoppe.
  9932 | D:8      | Reached skill level 8 in Polearms
  9932 | D:8      | Reached skill level 5 in Stealth
 10094 | D:8      | Reached skill level 5 in Evocations
 10482 | D:8      | Noticed an orc knight
 10602 | D:8      | Reached XP level 10. HP: 50/78 MP: 17/17
 10740 | D:8      | Noticed an orc knight
 10821 | D:9      | Slain by an orc knight

Skill      XL: |  1  2  3  4  5  6  7  8  9 |
---------------+----------------------------+-----
Dodging        | 3 4 5 6 |  6.9
Polearms       | 3 4 5 7 8 |  8.3
Throwing       | 2 |  2.0
Fighting       | 2 3 4 |  4.1
Armour         | 1 2 3 4 |  4.0
Stealth        | 1 2 3 4 5 |  5.2
Evocations     | 1 2 4 5 |  5.1

Action                   |  1- 3 |  4- 6 |  7- 9 | 10-12 || total
-------------------------+-------+-------+-------+-------++-------
Melee: Trident           |    64 |   389 |   726 |    14 ||  1193
 Fire: Blowgun           |       |       |       |    17 ||    17
Throw: Throwing net      |     1 |       |     2 |       ||     3
 Abil: Evoke Invisibilit |     1 |    11 |     9 |       ||    21
Evoke: Wand              |       |       |    17 |       ||    17
  Use: Scroll            |       |       |    20 |       ||    20
       Potion            |       |       |     5 |       ||     5
 Stab: Sleeping          |     1 |     2 |    12 |       ||    15
       Held in net/web   |     1 |       |     3 |       ||     4
       Invisible         |       |    22 |    33 |       ||    55
  Eat: Chunk             |     1 |    12 |    24 |     1 ||    38
       Bread ration      |       |     1 |       |       ||     1
Armor: Leather armour    |    17 |    26 |    28 |     7 ||    78
       Scale mail        |       |   117 |   139 |       ||   256
Dodge: Dodged            |    41 |   285 |   477 |     8 ||   811
Block: Other             |       |    81 |   172 |     3 ||   256
       Reflection        |       |     3 |     3 |     1 ||     7
